 Dungeon Crawl Stone Soup version 0.29.0-4-gdea44cf6ec (webtiles) character file.

Game seed: 17631700192810712883

16812 qw the Brawler (level 12, 0/118 HPs)
             Began as a Troll Cinder Acolyte on Aug 31, 2022.
             Was an Initiate of Okawaru.
             Slain by an 11-headed hydra (8 damage)
             ... on level 1 of the Lair of Beasts.
             The game lasted 00:05:21 (11546 turns).

qw the Brawler (Troll Cinder Acolyte)              Turns: 11546, Time: 00:05:21

Health: 0/118      AC: 16    Str: 29    XL:     12   Next: 13%
Magic:  12/12      EV:  6    Int: 10    God:    Okawaru [......]
Gold:   639        SH:  0    Dex:  5    Spells: 13/13 levels left

rFire   . . .      SeeInvis +     - Unarmed
rCold   . . .      Faith    .   (no shield)
rNeg    . . .      Spirit   .   k - +1 storm dragon scales
rPois   .          Reflect  .   j - +2 hat
rElec   +          Harm     .   (no cloak)
rCorr   .          Rampage  .   (gloves unavailable)
Will    .....                   (boots unavailable)
Stlth   ..........              n - amulet of regeneration
HPRegen 1.89/turn               a - ring of Buliful {Slay+2 SInv}
MPRegen 0.13/turn               c - +4 ring of slaying {mikee}

@: about to teleport, fire susceptible
A: large, unfitting armour, claws 3, regeneration 1, shaggy fur 1, tough skin 1
a: Renounce Religion


You were on level 1 of the Lair of Beasts.
You worshipped Okawaru.
Okawaru was noncommittal.
You visited 2 branches of the dungeon, and saw 13 of its levels.
You also visited: Ossuary.

You collected 730 gold pieces.
You spent 91 gold pieces at shops.


Innate Abilities, Weirdness & Mutations

You are too large for most types of armour.
You have claws for hands.
Your natural rate of healing is unusually fast.
You are covered in fur. (AC +1)
You have tough skin. (AC +1)


   Skills:
 - Level 7.0 Fighting
 - Level 6.4 Throwing
 + Level 4.3 Armour
 - Level 1.6 Dodging
 - Level 16.0 Unarmed Combat
 - Level 1.0 Spellcasting
 - Level 2.1 Fire Magic


You had 13 spell levels left.
You didn't know any spells.
Your spell library contained the following spells:

 Spells                   Type           Power      Damage    Failure   Level
 Scorch                   Fire           8%         2d5       73%         2

Inventory:

Missiles
 m - 12 boomerangs
 q - a large rock (quivered)
Armour
 j - a +2 hat (worn)
 k - +1 storm dragon scales (worn)
 p - the +0 fire dragon scales "Xaoski" {rPois rF++ rC- Dex-3 Stlth+}
   (You acquired it on level 7 of the Dungeon)

   Dex:       It affects your dexterity (-3).
   rF:        It greatly protects you from fire.
   rC:        It makes you vulnerable to cold.
   rPois:     It protects you from poison.
   Stlth:     It makes you more stealthy.
Jewellery
 a - the ring of Buliful (left claw) {Slay+2 SInv}
   (You acquired it on level 10 of the Dungeon)

   [ring of see invisible]

   Slay:      It affects your accuracy & damage with ranged weapons and melee
   (+2).
   SInv:      It lets you see invisible.
 c - a +4 ring of slaying (right claw) {mikee}
 g - a ring of protection from fire
 n - an amulet of regeneration (around neck)
 r - a ring of protection from fire
 s - a ring of protection from cold
Scrolls
 d - 3 scrolls of teleportation
 e - 13 scrolls of identify
 l - a scroll of enchant weapon
Potions
 f - 3 potions of heal wounds
 h - a potion of mutation
 i - 3 potions of curing
 o - 2 potions of haste

Dungeon Overview and Level Annotations

Branches:
Dungeon (11/15)            Temple (0/1) D:6            Lair (2/5) D:11
    Orc (0/2) D:11        Ossuary (visited)
  Swamp: Lair:2-3    Shoals: Lair:2-3     Snake: Lair:2-3    Spider: Lair:2-3

Altars:
Ashenzari
Fedhas
Okawaru
Qazlal
Ru
Xom

Shops:
D:3 *   D:5 :(

Annotations:
D:3 1 runed translucent door, Crazy Yiuf
D:11 2 transporters, qw's ghost, journeyman TrCA


Message History

You tear one of the eight-headed hydra's heads off!
The seven-headed hydra grows two more!
You claw the nine-headed hydra!
The nine-headed hydra is moderately wounded.
The nine-headed hydra bites you!
The nine-headed hydra bites you but does no damage. x2
The nine-headed hydra bites you. The nine-headed hydra bites you!
The nine-headed hydra bites you but does no damage. x2
The nine-headed hydra barely misses you.
The nine-headed hydra bites you!
You completely miss the nine-headed hydra.
The nine-headed hydra is lightly wounded.
You tear one of the nine-headed hydra's heads off!
The eight-headed hydra grows two more!
You claw the ten-headed hydra!
The ten-headed hydra is lightly wounded.
The ten-headed hydra bites you but does no damage.
The ten-headed hydra bites you.
The ten-headed hydra bites you but does no damage.
The ten-headed hydra bites you.
The ten-headed hydra bites you but does no damage.
The ten-headed hydra bites you. The ten-headed hydra bites you!
The ten-headed hydra bites you but does no damage. x2
The ten-headed hydra bites you.
You claw one of the ten-headed hydra's heads off!
The nine-headed hydra grows two more!
You eviscerate the 11-headed hydra!!!
The 11-headed hydra is heavily wounded.
The 11-headed hydra closely misses you. The 11-headed hydra bites you.
The 11-headed hydra completely misses you.
The 11-headed hydra bites you.
The 11-headed hydra bites you but does no damage.
The 11-headed hydra bites you! The 11-headed hydra bites you. x2
The 11-headed hydra bites you but does no damage.
The 11-headed hydra bites you! x2
11546 ||| READING 4 scrolls of teleportation.
As you read the scroll of teleportation, it crumbles to dust.
You feel strangely unstable.
The 11-headed hydra bites you but does no damage.
The 11-headed hydra bites you.
The 11-headed hydra bites you but does no damage. x2
The 11-headed hydra bites you. The 11-headed hydra bites you!
You die...

... ..h #(+## ##(h.##
#.....# #8(>.8# #########
### #.....#
.#.#.##.###P######.8.##P
................@D####...
..........................
..........................
.....~.~..................
...~~~~~~................
.~~~~~~~~~...............
~~~~~~~~~~..#......#.####
~~~~..~~~~.#........##
~~~~.>.~~~~##.......#


You could see a 11-headed hydra.

Vanquished Creatures
  Josephine (D:10)
  2 boulder beetles
  2 hydras (D:11)
  Erolcha (D:11)
  A two-headed ogre (D:9)
  2 oklob plants (D:11)
  A cyclops (D:11)
  2 manticores (D:11)
  Joseph (D:8)
  A gargoyle (D:10)
  A cane toad (Lair:1)
  2 komodo dragons
  4 trolls
  Grinder (D:3)
  Prince Ribbit (D:7)
  A hornet (D:9)
  7 wraiths
  3 shadows
  A wyvern (D:11)
  6 yaks
  A steam dragon (D:8)
  3 vampire mosquitoes (D:10)
  Menkaure (D:4)
  Duvessa (D:6)
  A sky beast (D:7)
  6 orc warriors (D:11)
  5 ogres
  5 centaurs
  5 wolves (Lair:1)
  An elf zombie (Ossuary)
  A phantom (D:6)
  4 kobold brigands
  A gnoll sergeant (D:11)
  3 bullfrogs
  3 necrophages
  3 scorpions
  4 wights (D:8)
  Dowan (D:6)
  11 killer bees
  6 howler monkeys
  A hound (D:5)
  A jelly (D:7)
  5 orc priests
  3 iguanas
  Natasha (twice) (D:3)
  6 orc wizards
  4 mummies
  3 gnolls (D:2)
  5 adders
  A shadow imp (D:5)
  A white imp (D:6)
  2 dart slugs
  33 orcs
  6 bats
  7 endoplasms
  3 giant cockroaches
  2 gnoll zombies (Ossuary)
  6 hobgoblins
  15 kobolds
  4 quokkas
  7 ball pythons
  A frilled lizard (D:2)
  6 goblins
  3 goblin zombies (Ossuary)
  A hobgoblin zombie (Ossuary)
  2 kobold zombies (Ossuary)
  2 orc zombies (D:4)
  10 rats
249 creatures vanquished.

Vanquished Creatures (others)
  A fungus (Lair:1)
  A plant (D:11)
2 creatures vanquished.

Grand Total: 251 creatures vanquished

Notes
Turn   | Place    | Note
-------+----------+-------------------------------------------
     0 | D:1      | qw the Troll Cinder Acolyte began the quest for the Orb.
     0 | D:1      | Reached XP level 1. HP: 22/22 MP: 1/1
     0 | D:1      | 0 ||| qw: Version: 0.1-a-97-g2dd2ca4
     0 | D:1      | 0 ||| qw: Game counter: 4589
     0 | D:1      | 0 ||| qw: Always use a shield: true
     0 | D:1      | 0 ||| qw: God list: Okawaru
     0 | D:1      | 0 ||| qw: Allow faded altars: false
     0 | D:1      | 0 ||| qw: Do Orc after D:15 true
     0 | D:1      | 0 ||| qw: Do second Lair branch before Depths: true
     0 | D:1      | 0 ||| qw: Lair rune preference: random
     0 | D:1      | 0 ||| qw: Plans: Normal
     0 | D:1      | 0 ||| PLANNING D:1-11
    19 | D:1      | 19 ||| Stepping ~*~*~tactically~*~*~ (stealth).
    99 | D:1      | 99 ||| Stepping ~*~*~tactically~*~*~ (stealth).
   110 | D:1      | Reached XP level 2. HP: 28/29 MP: 2/2
   125 | D:1      | Found a faded altar of an unknown god.
   198 | D:1      | 198 ||| Stepping ~*~*~tactically~*~*~ (stealth).
   272 | D:1      | Reached skill level 4 in Unarmed Combat
   539 | D:1      | Reached XP level 3. HP: 36/36 MP: 3/3
   558 | D:1      | 558 ||| Stepping ~*~*~tactically~*~*~ (hiding).
   746 | D:1      | 746 ||| READING scroll labelled JOCUHAI LIPUMAE.
   747 | D:1      | 747 ||| Stepping randomly (stuck).
   748 | D:1      | 748 ||| Stepping ~*~*~tactically~*~*~ (cloud).
   790 | D:2      | 790 ||| STAIRDANCE
   849 | D:2      | 849 ||| Stepping ~*~*~tactically~*~*~ (stealth).
  1229 | D:2      | Reached XP level 4. HP: 44/44 MP: 4/4
  1265 | D:2      | Reached skill level 5 in Unarmed Combat
  1320 | D:2      | 1320 ||| Stepping ~*~*~tactically~*~*~ (hiding).
  1323 | D:2      | 1323 ||| INVOKING Fiery Armour.
  1623 | D:2      | 1623 ||| UPGRADING to +1 hat.
  1628 | D:2      | 1628 ||| UPGRADING to +4 ring of slaying {mikee}.
  1629 | D:2      | 1629 ||| READING 2 scrolls labelled PETOMO CAUXY.
  1630 | D:2      | 1630 ||| READING scroll labelled IMNOL MAYGEZ.
  1634 | D:2      | 1634 ||| READING scroll labelled HEKHIRCH APEFA.
  1635 | D:2      | 1635 ||| READING scroll labelled EHAOSE KOXTI.
  1636 | D:2      | 1636 ||| READING scroll labelled QEPNANL PAMURPH.
  1681 | D:1      | 1681 ||| Stepping randomly (stuck).
  1726 | D:3      | Found Nosse's General Store.
  1753 | D:3      | Reached XP level 5. HP: 50/50 MP: 5/5
  1769 | D:3      | Noticed Grinder
  1769 | D:3      | Noticed Natasha
  1770 | D:3      | 1770 ||| Stepping ~*~*~tactically~*~*~ (hiding).
  1774 | D:3      | 1774 ||| Stepping ~*~*~tactically~*~*~ (hiding).
  1775 | D:3      | 1775 ||| INVOKING Fiery Armour.
  1777 | D:3      | Killed Natasha
  1778 | D:3      | Reached skill level 6 in Unarmed Combat
  1793 | D:3      | Killed Grinder
  1794 | D:3      | Reached skill level 3 in Throwing
  1794 | D:3      | Reached XP level 6. HP: 55/59 MP: 6/6
  1823 | D:3      | 1823 ||| Stepping ~*~*~tactically~*~*~ (stealth).
  1832 | D:3      | 1832 ||| BUYING potion of heal wounds (65 gold).
  1832 | D:3      | Bought a potion of heal wounds for 65 gold pieces
  1832 | D:3      | 1832 ||| BUYING scroll of identify (26 gold).
  1832 | D:3      | Bought a scroll of identify for 26 gold pieces
  1840 | D:3      | 1840 ||| Stepping ~*~*~tactically~*~*~ (stealth).
  1842 | D:3      | 1842 ||| Stepping ~*~*~tactically~*~*~ (stealth).
  1846 | D:3      | 1846 ||| Stepping ~*~*~tactically~*~*~ (stealth).
  1851 | D:3      | 1851 ||| Stepping ~*~*~tactically~*~*~ (stealth).
  1882 | D:3      | 1882 ||| READING 2 scrolls of enchant armour.
  1882 | D:3      | 1882 ||| ENCHANTING +1 hat.
  2356 | D:3      | Found a runed translucent door.
  2357 | D:3      | Noticed Crazy Yiuf
  2545 | D:3      | Found a stormy altar of Qazlal.
  2629 | D:3      | Noticed Natasha
  2630 | D:3      | 2630 ||| Stepping ~*~*~tactically~*~*~ (hiding).
  2631 | D:3      | 2631 ||| Stepping ~*~*~tactically~*~*~ (hiding).
  2637 | D:3      | Killed Natasha
  2735 | D:3      | 2735 ||| Stepping ~*~*~tactically~*~*~ (stealth).
  2745 | D:3      | 2745 ||| Stepping ~*~*~tactically~*~*~ (hiding).
  2746 | D:3      | 2746 ||| Stepping ~*~*~tactically~*~*~ (hiding).
  2941 | D:3      | 2941 ||| READING scroll labelled WEPOZ NAMOYB.
  2942 | D:3      | 2942 ||| READING scroll labelled ABUPLY ESUGER.
  2942 | D:3      | Identified a scroll of acquirement
  2942 | D:3      | 2942 ||| ACQUIRING ring of positive energy
  2942 | D:3      | Acquired a ring of positive energy
  2944 | D:3      | 2944 ||| UPGRADING to ring of positive energy.
  2945 | D:3      | 2945 ||| DRINKING 2 coppery potions.
  2946 | D:3      | 2946 ||| DRINKING 2 viscous white potions.
  2947 | D:3      | 2947 ||| READING 4 scrolls of identify.
  2947 | D:3      | 2947 ||| IDENTIFYING sedimented black potion
  2948 | D:3      | 2948 ||| READING 3 scrolls of identify.
  2948 | D:3      | 2948 ||| IDENTIFYING silvery potion
  2949 | D:3      | 2949 ||| DROPPING potion of flight.
  2950 | D:3      | 2950 ||| DROPPING potion of brilliance.
  2951 | D:3      | 2951 ||| DROPPING potion of lignification.
  3004 | D:4      | 3004 ||| PLANNING OSSUARY
  3005 | D:4      | 3005 ||| STAIRDANCE
  3122 | D:4      | 3122 ||| STAIRDANCE
  3228 | D:4      | 3228 ||| Stepping ~*~*~tactically~*~*~ (outnumbered).
  3229 | D:4      | 3229 ||| Stepping ~*~*~tactically~*~*~ (outnumbered).
  3291 | D:4      | Found a sand-covered staircase.
  3296 | D:4      | 3296 ||| UPGRADING to ring of willpower.
  3301 | Ossuary  | Entered an ossuary
  3301 | Ossuary  | Noticed a wraith
  3301 | Ossuary  | Noticed a wraith
  3301 | Ossuary  | Noticed a wraith
  3342 | Ossuary  | Reached skill level 7 in Unarmed Combat
  3342 | Ossuary  | Reached XP level 7. HP: 60/66 MP: 7/7
  3405 | Ossuary  | Noticed a wraith
  3410 | Ossuary  | 3410 ||| INVOKING Fiery Armour.
  3412 | Ossuary  | Killed a wraith
  3697 | Ossuary  | 3697 ||| DROPPING ring of wizardry.
  3698 | Ossuary  | 3698 ||| READING 2 scrolls labelled HUIGOS RITIW.
  3699 | Ossuary  | 3699 ||| READING scroll labelled CILUEK ZAOZE.
  3700 | Ossuary  | 3700 ||| READING 2 scrolls labelled YCRO BUICYFECA.
  3701 | Ossuary  | 3701 ||| READING scroll labelled POTYCS YBROTOUT.
  3702 | Ossuary  | 3702 ||| READING scroll labelled UMPEPPADWY.
  3703 | Ossuary  | 3703 ||| DRINKING 2 metallic sapphire potions.
  3704 | Ossuary  | 3704 ||| READING 3 scrolls of identify.
  3704 | Ossuary  | 3704 ||| IDENTIFYING metallic amethyst potion
  3705 | Ossuary  | 3705 ||| DROPPING potion of attraction.
  3706 | Ossuary  | 3706 ||| DROPPING scroll of magic mapping.
  3707 | Ossuary  | 3707 ||| DROPPING potion of degeneration.
  3708 | Ossuary  | 3708 ||| DROPPING scroll of amnesia.
  3742 | D:4      | 3742 ||| PLANNING D:1-11
  3921 | D:4      | Found a shimmering altar of Xom.
  3971 | D:4      | 3971 ||| Stepping ~*~*~tactically~*~*~ (hiding).
  4029 | D:4      | 4029 ||| Stepping ~*~*~tactically~*~*~ (stealth).
  4055 | D:4      | Reached skill level 8 in Unarmed Combat
  4075 | D:4      | Noticed Menkaure
  4078 | D:4      | Killed Menkaure
  4079 | D:4      | Reached skill level 3 in Fighting
  4158 | D:4      | 4158 ||| Stepping ~*~*~tactically~*~*~ (stealth).
  4159 | D:4      | Found a sacrificial altar of Ru.
  4169 | D:4      | 4169 ||| Stepping ~*~*~tactically~*~*~ (stealth).
  4381 | D:4      | 4381 ||| READING 3 scrolls of identify.
  4381 | D:4      | 4381 ||| IDENTIFYING fizzy green potion
  4418 | D:5      | Entered Level 5 of the Dungeon
  4443 | D:5      | 4443 ||| INVOKING Fiery Armour.
  4449 | D:5      | HP: 15/67 [centaur/arrow (4)]
  4450 | D:5      | 4450 ||| READING scroll of teleportation.
  4451 | D:5      | 4451 ||| DRINKING 3 potions of heal wounds.
  4453 | D:5      | Found a blossoming altar of Fedhas.
  4507 | D:5      | Found Daryurast's Weapon Boutique.
  4610 | D:5      | Found Waikoe's Vocational Training.
  4693 | D:5      | Reached XP level 8. HP: 75/75 MP: 8/8
  4695 | D:5      | 4695 ||| Stepping ~*~*~tactically~*~*~ (stealth).
  4697 | D:5      | 4697 ||| Stepping ~*~*~tactically~*~*~ (outnumbered).
  4698 | D:5      | 4698 ||| Stepping ~*~*~tactically~*~*~ (outnumbered).
  4699 | D:5      | 4699 ||| Stepping ~*~*~tactically~*~*~ (outnumbered).
  4700 | D:5      | 4700 ||| Stepping ~*~*~tactically~*~*~ (outnumbered).
  4701 | D:5      | 4701 ||| Stepping ~*~*~tactically~*~*~ (outnumbered).
  4702 | D:5      | 4702 ||| Stepping ~*~*~tactically~*~*~ (outnumbered).
  4703 | D:5      | 4703 ||| Stepping ~*~*~tactically~*~*~ (outnumbered).
  4840 | D:5      | 4840 ||| DRINKING 2 potions of curing.
  4840 | D:5      | 4840 ||| (to cure confusion)
  4841 | D:5      | HP: 16/75 [something (13)]
  4843 | D:5      | 4843 ||| DRINKING potion of curing.
  4843 | D:5      | 4843 ||| (to cure confusion)
  4846 | D:5      | HP: 14/75 [something (4)]
  4850 | D:5      | Reached skill level 9 in Unarmed Combat
  5044 | D:5      | 5044 ||| UPGRADING to amulet of regeneration.
  5082 | D:6      | Noticed Duvessa
  5082 | D:6      | Noticed Dowan
  5083 | D:6      | 5083 ||| INVOKING Fiery Armour.
  5084 | D:6      | 5084 ||| STAIRDANCE
  5088 | D:6      | 5088 ||| STAIRDANCE
  5094 | D:6      | 5094 ||| STAIRDANCE
  5109 | D:6      | 5109 ||| STAIRDANCE
  5113 | D:6      | 5113 ||| STAIRDANCE
  5117 | D:6      | 5117 ||| STAIRDANCE
  5121 | D:6      | 5121 ||| STAIRDANCE
  5129 | D:6      | Killed Duvessa
  5130 | D:6      | Reached skill level 1 in Dodging
  5131 | D:6      | Killed Dowan
  5207 | D:6      | Reached skill level 10 in Unarmed Combat
  5341 | D:6      | Found an iron altar of Okawaru.
  5389 | D:6      | 5389 ||| Stepping ~*~*~tactically~*~*~ (stealth).
  5391 | D:6      | 5391 ||| Stepping ~*~*~tactically~*~*~ (hiding).
  5435 | D:6      | Found a staircase to the Ecumenical Temple.
  5626 | D:6      | Found a broken altar of Ashenzari.
  5934 | D:7      | Reached XP level 9. HP: 68/84 MP: 9/9
  5934 | D:7      | 5934 ||| STAIRDANCE
  6154 | D:7      | 6154 ||| Stepping ~*~*~tactically~*~*~ (stealth).
  6156 | D:7      | Reached skill level 11 in Unarmed Combat
  6337 | D:7      | Noticed Prince Ribbit
  6338 | D:7      | 6338 ||| INVOKING Fiery Armour.
  6350 | D:7      | Killed Prince Ribbit
  6487 | D:7      | 6487 ||| Stepping ~*~*~tactically~*~*~ (hiding).
  6496 | D:7      | Reached skill level 12 in Unarmed Combat
  6689 | D:7      | 6689 ||| READING scroll of acquirement.
  6689 | D:7      | 6689 ||| ACQUIRING +0 fire dragon scales "Xaoski" {rPois
                  | rF++ rC- Dex-3 Stlth+}
  6689 | D:7      | Acquired the +0 fire dragon scales "Xaoski" {rPois rF++ rC-
                  | Dex-3 Stlth+}
  6691 | D:7      | 6691 ||| UPGRADING to +0 storm dragon scales.
  6701 | D:7      | 6701 ||| DROPPING +0 robe.
  6702 | D:7      | 6702 ||| READING scroll of enchant armour.
  6702 | D:7      | 6702 ||| ENCHANTING +0 storm dragon scales.
  7302 | D:8      | Noticed Joseph
  7311 | D:8      | Killed Joseph
  7312 | D:8      | 7312 ||| STAIRDANCE
  7343 | D:8      | 7343 ||| Stepping ~*~*~tactically~*~*~ (stealth).
  7362 | D:8      | 7362 ||| Stepping ~*~*~tactically~*~*~ (hiding).
  7369 | D:8      | Reached skill level 3 in Armour
  7495 | D:8      | Noticed a troll
  7496 | D:8      | 7496 ||| Stepping ~*~*~tactically~*~*~ (stealth).
  7501 | D:8      | Killed a troll
  7514 | D:8      | 7514 ||| Stepping ~*~*~tactically~*~*~ (outnumbered).
  7562 | D:8      | Reached XP level 10. HP: 91/96 MP: 10/10
  7729 | D:8      | 7729 ||| Stepping ~*~*~tactically~*~*~ (outnumbered).
  8045 | D:8      | 8045 ||| READING scroll labelled HALUPIABIU.
  8046 | D:8      | 8046 ||| READING scroll labelled JEAHAI EPPUDGH.
  8080 | D:9      | 8080 ||| STAIRDANCE
  8096 | D:9      | Noticed a two-headed ogre
  8104 | D:9      | Killed a two-headed ogre
  8105 | D:9      | Reached skill level 13 in Unarmed Combat
  8185 | D:9      | 8185 ||| Stepping ~*~*~tactically~*~*~ (stealth).
  8217 | D:9      | 8217 ||| INVOKING Fiery Armour.
  8219 | D:9      | 8219 ||| Stepping ~*~*~tactically~*~*~ (outnumbered).
  8220 | D:9      | 8220 ||| Stepping ~*~*~tactically~*~*~ (outnumbered).
  8221 | D:9      | 8221 ||| Stepping ~*~*~tactically~*~*~ (outnumbered).
  8277 | D:9      | 8277 ||| Stepping ~*~*~tactically~*~*~ (hiding).
  8279 | D:9      | 8279 ||| Stepping ~*~*~tactically~*~*~ (hiding).
  8738 | D:9      | 8738 ||| DRINKING 2 fizzy emerald potions.
  8739 | D:9      | 8739 ||| DROPPING potion of magic.
  8766 | D:10     | Entered Level 10 of the Dungeon
  8783 | D:10     | 8783 ||| READING scroll of acquirement.
  8783 | D:10     | 8783 ||| ACQUIRING ring of Buliful {Slay+2 SInv}
  8783 | D:10     | Acquired the ring of Buliful {Slay+2 SInv}
  8785 | D:10     | 8785 ||| UPGRADING to ring of Buliful {Slay+2 SInv}.
  9021 | D:10     | Noticed Josephine
  9030 | D:10     | Killed Josephine
  9031 | D:10     | Reached skill level 14 in Unarmed Combat
  9229 | D:10     | Noticed a boulder beetle
  9230 | D:10     | 9230 ||| INVOKING Fiery Armour.
  9238 | D:10     | Killed a boulder beetle
  9239 | D:10     | Reached skill level 6 in Fighting
  9239 | D:10     | Reached XP level 11. HP: 93/105 MP: 11/11
  9239 | D:10     | 9239 ||| FLEEEEING.
  9401 | D:10     | 9401 ||| Stepping ~*~*~tactically~*~*~ (hiding).
  9696 | D:10     | 9696 ||| DROPPING ring of positive energy.
  9697 | D:10     | 9697 ||| UPGRADING to +4 ring of slaying {mikee}.
  9699 | D:10     | 9699 ||| DROPPING ring of willpower.
  9742 | D:11     | 9742 ||| INVOKING Fiery Armour.
  9750 | D:11     | Reached skill level 15 in Unarmed Combat
  9847 | D:11     | 9847 ||| FLEEEEING.
  9848 | D:11     | 9848 ||| FLEEEEING.
  9849 | D:11     | 9849 ||| FLEEEEING.
  9890 | D:11     | Noticed an oklob plant
  9892 | D:11     | Noticed a skeletal warrior
  9894 | D:11     | Noticed a two-headed ogre
  9903 | D:11     | Noticed qw's ghost (journeyman TrCA)
  9916 | D:11     | Found a transporter.
  9920 | D:11     | Found a transporter.
 10014 | D:11     | Noticed Erolcha
 10015 | D:11     | 10015 ||| Stepping ~*~*~tactically~*~*~ (hiding).
 10019 | D:11     | 10019 ||| INVOKING Fiery Armour.
 10027 | D:11     | Killed Erolcha
 10061 | D:11     | Found a staircase to the Lair.
 10063 | D:11     | Noticed an oklob plant
 10064 | D:11     | Noticed an oklob plant
 10071 | D:11     | Killed an oklob plant
 10195 | D:11     | Noticed a six-headed hydra
 10197 | D:11     | 10197 ||| INVOKING Fiery Armour.
 10198 | D:11     | Killed a seven-headed hydra
 10228 | D:11     | Noticed a boulder beetle
 10238 | D:11     | Killed a boulder beetle
 10239 | D:11     | Reached skill level 6 in Throwing
 10288 | D:11     | Killed an oklob plant
 10325 | D:11     | Noticed a five-headed hydra
 10326 | D:11     | 10326 ||| INVOKING Fiery Armour.
 10331 | D:11     | Killed an eight-headed hydra
 10431 | D:11     | Found a staircase to the Orcish Mines.
 10432 | D:11     | 10432 ||| INVOKING Fiery Armour.
 10438 | D:11     | 10438 ||| Stepping ~*~*~tactically~*~*~ (outnumbered).
 10442 | D:11     | 10442 ||| Stepping ~*~*~tactically~*~*~ (outnumbered).
 10451 | D:11     | 10451 ||| Stepping ~*~*~tactically~*~*~ (outnumbered).
 10460 | D:11     | 10460 ||| Stepping ~*~*~tactically~*~*~ (outnumbered).
 10463 | D:11     | Reached skill level 16 in Unarmed Combat
 10464 | D:11     | 10464 ||| Stepping ~*~*~tactically~*~*~ (outnumbered).
 10470 | D:11     | 10470 ||| Stepping ~*~*~tactically~*~*~ (outnumbered).
 10473 | D:11     | 10473 ||| Stepping ~*~*~tactically~*~*~ (outnumbered).
 10476 | D:11     | 10476 ||| Stepping ~*~*~tactically~*~*~ (outnumbered).
 10478 | D:11     | 10478 ||| Stepping ~*~*~tactically~*~*~ (outnumbered).
 10480 | D:11     | 10480 ||| Stepping ~*~*~tactically~*~*~ (outnumbered).
 10482 | D:11     | 10482 ||| Stepping ~*~*~tactically~*~*~ (outnumbered).
 10484 | D:11     | 10484 ||| Stepping ~*~*~tactically~*~*~ (outnumbered).
 10485 | D:11     | Reached XP level 12. HP: 69/114 MP: 12/12
 10487 | D:11     | 10487 ||| Stepping ~*~*~tactically~*~*~ (outnumbered).
 10803 | D:11     | 10803 ||| PLANNING CONVERSION TO OKAWARU
 10995 | D:6      | Fell from the grace of Ignis
 10995 | D:6      | Became a worshipper of Warmaster Okawaru
 10996 | D:6      | 10996 ||| PLANNING LAIR
 10996 | D:6      | 10996 ||| READING scroll labelled JYRUHI NOKHLIGU.
 11268 | Lair:1   | Entered Level 1 of the Lair of Beasts
 11336 | Lair:1   | You fall into a shaft and drop 1 floor!
 11516 | Lair:1   | 11516 ||| Stepping ~*~*~tactically~*~*~ (stealth).
 11520 | Lair:1   | 11520 ||| Stepping ~*~*~tactically~*~*~ (outnumbered).
 11522 | Lair:1   | Noticed an eight-headed hydra
 11526 | Lair:1   | 11526 ||| Stepping ~*~*~tactically~*~*~ (stealth).
 11545 | Lair:1   | HP: 28/118 [11-headed hydra (10)]
 11546 | Lair:1   | 11546 ||| READING 4 scrolls of teleportation.
 11546 | Lair:1   | HP: 12/118 [11-headed hydra (6)]
 11546 | Lair:1   | Slain by an 11-headed hydra

Levels and vault maps discovered:
D:1:      elethiomel_arrival_shortcut, layout_loops_ring,
          chequers_ecumenical_altar_simple
D:2:      layout_loops_ring
D:3:      layout_loops_ring, nicolae_qazlal_eye_of_the_storm, serial_shops,
          nicolae_shop_advertising_works [nicolae_subvault_shop_adworks],
          roderic_lattice_a, fountainhead, chequers_decorated_corner,
          uniq_natasha, uniq_crazy_yiuf_cottage, uniq_grinder
D:4:      layout_loops_cross, nicolae_ru_awakened_eye,
          lemuel_coloured_pillars_altar, nicolae_ossuary_entry_giza,
          dreamdust_princess_corridor, uniq_menkaure
D:5:      layout_basic, fedhas_bush_and_centaur_altar, serial_shops,
          kennysheep_mini_moat, st_stairs_5, nicolae_shop_vocational
D:6:      layout_gridville, okawaru_metal_pillars_1_2,
          nicolae_ashenzari_panopticon, minmay_temple_entry_junction,
          grunt_ministairs_11, uniq_duvessa
D:7:      layout_layer_cave, st_stairs_2, uniq_prince_ribbit1
D:8:      layout_loops_cross, uniq_joseph
D:9:      layout_basic
D:10:     layout_loops_ring, uniq_josephine
D:11:     layout_loops_corners, dpeg_oklobed_lair,
          kennysheep_orc_monster_closet_entryway, nzn_ghost_randoct,
          uniq_erolcha
Lair:1:   layout_big_grid, infiniplex_staircase_pool_2, grunt_megastairs_1
Lair:2:   layout_roguey, dummy_snake_entry, serial_bayou_shore_a

Skill      XL: |  1  2  3  4  5  6  7  8  9 10 11 12 |
---------------+-------------------------------------+-----
Unarmed Combat | 4 5 6 7 8 10 12 14 16 | 16.0
Throwing       | 3 6 |  6.4
Fighting       | 3 4 5 6 7 |  7.0
Dodging        | 1 |  1.6
Armour         | 3 4 |  4.3
Spellcasting   | |  1.0
Fire Magic     | |  2.1

Action                   |  1- 3 |  4- 6 |  7- 9 | 10-12 || total
-------------------------+-------+-------+-------+-------++-------
Melee: Unarmed           |   104 |   110 |   161 |   230 ||   605
       Punch             |     1 |     1 |     2 |    15 ||    19
Throw: Boomerang         |       |    19 |    81 |    42 ||   142
       Large rock        |       |       |       |    12 ||    12
Invok: Fiery Armour      |       |     2 |     4 |     7 ||    13
  Use: Scroll            |     1 |    10 |    10 |     5 ||    26
       Potion            |       |     2 |     4 |     1 ||     7
Armor: Robe              |    30 |    35 |    38 |       ||   103
       Storm dragon scal |       |       |     6 |   175 ||   181
Dodge: Dodged            |    23 |    28 |    54 |    70 ||   175

Table legend:
 A = Non-vault XP
 B = Vault XP
 C = Vault XP percentage of total XP
 D = Non-vault monster count
 E = Vault monster count
 F = Vault count percentage of total count
                 A         B        C        D         E       F
            +---------+---------+-------+---------+---------+-------
      Total |   15042 |    8976 |  37.4 |     182 |      67 |  26.9
            +---------+---------+-------+---------+---------+-------
        D:1 |      58 |       0 |   0.0 |      27 |       0 |   0.0
        D:2 |     104 |       0 |   0.0 |      27 |       0 |   0.0
        D:3 |     156 |     322 |  67.4 |      27 |       2 |   6.9
        D:4 |     177 |     189 |  51.6 |      12 |       4 |  25.0
        D:5 |     142 |     192 |  57.5 |       4 |       4 |  50.0
        D:6 |     626 |     383 |  38.0 |      11 |       4 |  26.7
        D:7 |    1072 |     414 |  27.9 |      18 |       3 |  14.3
        D:8 |    1309 |     445 |  25.4 |      13 |       1 |   7.1
        D:9 |    2183 |       0 |   0.0 |      15 |       0 |   0.0
       D:10 |    3234 |    1714 |  34.6 |      16 |       5 |  23.8
       D:11 |    5240 |    3723 |  41.5 |      10 |      23 |  69.7
     Lair:1 |     741 |    1201 |  61.8 |       2 |       8 |  80.0
    Ossuary |       0 |     393 | 100.0 |       0 |      13 | 100.0
            +---------+---------+-------+---------+---------+-------
